 Dungeon Crawl Stone Soup version 0.24.1 (webtiles) character file.

Game seed: 14919537610571957635, levelgen mode: deterministic

8579 Destapler the Zephyrmancer (level 11, 0/63 HPs)
             Began as a Tengu Air Elementalist on Apr 2, 2020.
             Was an Elder of Sif Muna.
             Slain by a two-headed ogre
             ... wielding a cursed -2 giant club
              (4 damage)
             ... on level 9 of the Dungeon on Apr 3, 2020.
             The game lasted 01:40:42 (11431 turns).

Destapler the Zephyrmancer (TeAE)                  Turns: 11431, Time: 01:40:42

Health: 0/63       AC: 16    Str: 11    XL:     11   Next: 33%
Magic:  15/16      EV: 16    Int: 17    God:    Sif Muna [****..]
Gold:   256        SH:  7    Dex: 17    Spells: 9/16 levels left

rFire    . . .     SeeInvis .   e - +0 dagger
rCold    . . .     Gourm    .   j - +1 buckler {AC+3}
rNeg     . . .     Faith    .   Z - +2 ring mail {MR+}
rPois    .         Spirit   .   K - +1 hat
rElec    .         Reflect  .   t - +1 cloak {MR+}
rCorr    .         Harm     .   M - +1 pair of gloves {Str+3}
MR       ++...                  (boots unavailable)
Stlth    ++++......             l - amulet of magic regeneration
HPRegen  0.20/turn              H - ring of wizardry
MPRegen  0.40/turn              E - ring of stealth

@: about to teleport, flying quickly and evasively, quick
A: beak, talons 3, able to fly
a: Stop Flying, Channel Magic, Forget Spell, Divine Exegesis, Renounce Religion


You were on level 9 of the Dungeon.
You worshipped Sif Muna.
Sif Muna was greatly pleased with you.
You were very hungry.

You visited 2 branches of the dungeon, and saw 11 of its levels.

You collected 485 gold pieces.
You spent 229 gold pieces at shops.

Inventory:

Hand Weapons
 e - a +0 dagger (weapon)
Missiles
 m - 48 poisoned darts (quivered)
 I - 30 arrows
Armour
 j - a +1 buckler of protection (worn)
 t - a +1 cloak of magic resistance (worn)
 B - a +2 ring mail of poison resistance
 K - a +1 hat (worn)
 M - a +1 pair of gloves of strength (worn)
 Z - a +2 ring mail of magic resistance (worn)
Jewellery
 h - a +3 amulet of reflection {unknown}
 l - an amulet of magic regeneration (around neck)
 r - an uncursed ring of ice
 s - a +2 ring of strength
 E - a ring of stealth (right hand)
 F - an uncursed ring of fire
 H - a ring of wizardry (left hand)
Wands
 p - a wand of flame (34)
 x - a wand of disintegration (24)
 C - a wand of iceblast (7)
 O - a wand of digging (3)
Scrolls
 b - a scroll of enchant weapon {unknown}
 d - a scroll of fear {unknown}
 f - 4 scrolls of fog
 k - 3 scrolls of enchant armour {unknown}
 n - 2 scrolls of random uselessness {unknown}
 o - a scroll of noise {unknown}
 q - 2 scrolls of immolation {unknown}
 y - 5 scrolls of remove curse
 J - 2 scrolls of blinking {unknown}
 L - a scroll of holy word {unknown}
 N - a scroll of amnesia {unknown}
Potions
 a - a potion of lignification
 g - 3 potions of curing
 i - 2 potions of haste
 u - a potion of agility {unknown}
 v - 2 potions of brilliance
 w - a potion of ambrosia
 A - a potion of invisibility
 D - 2 potions of flight {unknown}
 G - 2 potions of mutation
Comestibles
 c - 15 rations


   Skills:
 + Level 5.0 Fighting
 + Level 6.0 Short Blades
 - Level 5.0 Armour
 + Level 6.0 Dodging
 + Level 6.2 Stealth
 + Level 6.0 Shields
 - Level 3.2 Spellcasting
 - Level 5.0 Conjurations
 - Level 4.0 Charms
 + Level 8.8 Air Magic
 + Level 4.2 Invocations
 - Level 4.0 Evocations


You had 9 spell levels left.
You knew the following spells:

 Your Spells              Type           Power        Failure   Level  Hunger
a - Shock                 Conj/Air       ####         1%          1    None
b - Swiftness             Chrm/Air       ###.....     1%          2    ##.....
c - Airstrike             Air            ####......   4%          4    ####...

Your spell library contained the following spells:

 Spells                   Type           Power        Failure   Level  Hunger
 Static Discharge         Conj/Air       ####....     2%          3    ###....
 Beastly Appendage        Tmut           #.....       16%         1    None
 Sticks to Snakes         Tmut           #.......     22%         2    ##.....
 Lightning Bolt           Conj/Air       ####......   24%         5    ######.
 Spider Form              Tmut/Pois      #.........   41%         3    ###....
 Ice Form                 Ice/Tmut       #.......     80%         4    ####...
 Blade Hands              Tmut           #.........   98%         5    ######.


Dungeon Overview and Level Annotations

Branches:
Dungeon (10/15)            Temple (1/1) D:4
   Lair: D:8-11         Orc: D:9-12

Altars:
Ashenzari
Cheibriados
Dithmenos
Elyvilon
Fedhas
Gozag
Hepliaklqana
Kikubaaqudgha
Makhleb
Nemelex Xobeh
Okawaru
Qazlal
Ru
Sif Muna
Trog
Uskayaw
Vehumet
Wu Jian
Xom
Yredelemnul
Zin
The Shining One

Shops:
D:9 *%   D:10 %


Innate Abilities, Weirdness & Mutations

You have a beak for a mouth.
You have claws for feet.
You can fly continuously.


Message History

The two-headed ogre hits you with a cursed -2 giant club!
* * * LOW HITPOINT WARNING * * *
The two-headed ogre hits you with a +0 giant club!
* * * LOW HITPOINT WARNING * * *
You block the big kobold's attack.
As you read the scroll of teleportation, it crumbles to dust.
You feel strangely unstable.
The big kobold hits you but does no damage.
The two-headed ogre closely misses you. x2
The big kobold hits you with a +2 dagger of speed.
* * * LOW HITPOINT WARNING * * *
Unknown command.
Casting: Shock (safe; 1% risk of failure)
Confirm with . or Enter, or press ? or * to list all spells.
Aiming: Shock (safe; 1% risk of failure)
Press: ? - help, Shift-Dir - straight line The zap misses the big kobold.
The zap hits the big kobold.
The big kobold is heavily wounded.
The two-headed ogre hits you with a cursed -2 giant club.
You die...

## .#################
.'.............O@#
.########.#####K### .#
#.###.....## .#
#.##_.≈♣.#.## .#
######.#♣#.≈≈.≈_.###
####...##.....§_^#.≈^.#
##...∩..#.#^♣....._≈#.#
..........##__..§_≈##.#
#..##..##..##..≈._##..#


You could see a two-headed ogre and a big kobold.

Vanquished Creatures
  Harold (D:7)
  A two-headed ogre (D:9)
  Joseph (D:7)
  A tengu conjurer (D:8)
  A hippogriff (D:8)
  Sigmund (D:4)
  14 yaks (D:9)
  2 hungry ghosts
  Menkaure (D:7)
  Edmund (D:5)
  4 orc warriors
  2 sky beasts
  A necrophage (D:9)
  A black bear (D:9)
  An eye of draining (D:4)
  2 centaurs
  An ogre (D:8)
  A big kobold (D:9)
  2 bullfrogs
  2 scorpions
  10 killer bees
  5 howler monkeys
  12 wights
  3 crimson imps
  2 orc priests
  2 bullfrog skeletons
  3 jellies (D:9)
  3 centaur skeletons
  Crazy Yiuf (D:2)
  3 hounds
  7 orc wizards
  3 iron imps (D:4)
  2 iguanas
  6 worker ants
  A killer bee zombie (D:8)
  A hound zombie (D:8)
  A hound skeleton (D:9)
  2 worker ant zombies
  11 gnolls
  12 adders
  A shadow imp (D:8)
  6 oozes
  An adder skeleton (D:3)
  3 worms
  4 dart slugs
  3 leopard geckos
  30 orcs
  6 bats
  3 giant cockroaches
  8 goblins
  5 hobgoblins
  8 jackals
  4 quokkas
  A ball python (D:4)
  6 frilled lizards
  7 kobolds
  A leopard gecko zombie (D:5)
  A quokka skeleton (D:7)
  8 rats
237 creatures vanquished.

Vanquished Creatures (others)
  2 fungi (D:5)
2 creatures vanquished.

Grand Total: 239 creatures vanquished

Notes
Turn   | Place    | Note
-------+----------+-------------------------------------------
     0 | D:1      | Destapler the Tengu Air Elementalist began the quest for
                  | the Orb.
     0 | D:1      | Reached XP level 1. HP: 10/10 MP: 4/4
   140 | D:1      | Reached XP level 2. HP: 10/15 MP: 0/6
   716 | D:2      | Reached skill level 1 in Shields
   716 | D:2      | Reached XP level 3. HP: 15/19 MP: 3/7
  1189 | D:2      | Reached XP level 4. HP: 24/24 MP: 8/8
  1263 | D:2      | Reached skill level 5 in Air Magic
  1466 | D:2      | Gained mutation: You can fly continuously. [Tengu growth]
  1466 | D:2      | Reached XP level 5. HP: 28/28 MP: 3/9
  1557 | D:2      | Found a runed translucent door.
  1558 | D:2      | Noticed Crazy Yiuf
  1570 | D:2      | Killed Crazy Yiuf
  1952 | D:2      | Learned a level 2 spell: Swiftness
  2159 | D:3      | Found a faded altar of an unknown god.
  2290 | D:3      | Reached XP level 6. HP: 18/32 MP: 4/10
  2346 | D:3      | Found an ornate altar of the Wu Jian Council.
  2407 | D:3      | Reached skill level 6 in Air Magic
  2688 | D:4      | Found a bloodstained altar of Trog.
  2689 | D:4      | Noticed an eye of draining
  2848 | D:4      | Found a staircase to the Ecumenical Temple.
  2857 | Temple   | Entered the Ecumenical Temple
  2988 | Temple   | Became a worshipper of Sif Muna the Loreminder
  3100 | D:4      | Noticed Sigmund
  3126 | D:4      | Killed Sigmund
  3126 | D:4      | Reached skill level 1 in Fighting
  3126 | D:4      | Reached skill level 1 in Short Blades
  3126 | D:4      | Reached skill level 1 in Armour
  3126 | D:4      | Reached skill level 1 in Charms
  3126 | D:4      | Reached XP level 7. HP: 29/38 MP: 9/11
  3262 | D:4      | Found a burning altar of Makhleb.
  4067 | D:4      | Reached skill level 1 in Evocations
  4130 | D:5      | Entered Level 5 of the Dungeon
  4445 | D:5      | Noticed Edmund
  4492 | D:5      | Killed Edmund
  4492 | D:5      | Reached XP level 8. HP: 12/43 MP: 0/12
  6237 | D:6      | Found a white marble altar of Elyvilon.
  6522 | D:7      | Noticed Menkaure
  6527 | D:7      | Killed Menkaure
  6530 | D:7      | Noticed Harold
  6604 | D:6      | Learned a level 4 spell: Airstrike
  6706 | D:7      | Reached * piety under Sif Muna
  6706 | D:7      | Reached skill level 5 in Shields
  6742 | D:7      | Reached XP level 9. HP: 49/49 MP: 12/14
  6792 | D:6      | Reached skill level 1 in Invocations
  6916 | D:6      | Reached skill level 5 in Conjurations
  7601 | D:7      | Noticed Joseph
  7781 | D:7      | Killed Joseph
  7840 | D:7      | Found a radiant altar of Vehumet.
  7844 | D:7      | Found a snail-covered altar of Cheibriados.
  8016 | D:7      | Killed Harold
  8016 | D:7      | Reached skill level 7 in Air Magic
  8449 | D:8      | Reached XP level 10. HP: 42/56 MP: 9/15
  8643 | D:7      | Reached skill level 5 in Dodging
  8671 | D:8      | Reached ** piety under Sif Muna
  8807 | D:8      | Reached skill level 5 in Stealth
  9692 | D:8      | Reached skill level 5 in Short Blades
  9899 | D:9      | Noticed a two-headed ogre
  9910 | D:9      | Killed a two-headed ogre
  9910 | D:9      | Reached skill level 8 in Air Magic
  9923 | D:9      | Reached skill level 5 in Armour
  9934 | D:9      | Reached *** piety under Sif Muna
 10074 | D:9      | Found Veis's Assorted Antiques.
 10087 | D:9      | Bought a pair of embroidered gloves for 202 gold pieces
 10087 | D:9      | Bought a scroll labeled BOSCHA FINOKIU for 27 gold pieces
 10267 | D:9      | Reached XP level 11. HP: 62/62 MP: 4/16
 10272 | D:9      | Found Dehaoschu's Food Shop.
 10281 | D:9      | Found a shimmering altar of Xom.
 10282 | D:9      | Found a shimmering altar of Xom.
 10282 | D:9      | Found a shimmering altar of Xom.
 10291 | D:9      | Found a shimmering altar of Xom.
 10292 | D:9      | Found a shimmering altar of Xom.
 10292 | D:9      | Found a shimmering altar of Xom.
 10294 | D:9      | Found a shimmering altar of Xom.
 10294 | D:9      | Found a shimmering altar of Xom.
 10699 | D:9      | Reached **** piety under Sif Muna
 10715 | D:9      | Reached skill level 5 in Fighting
 10833 | D:10     | Entered Level 10 of the Dungeon
 11006 | D:10     | Found Foeveme's Food Shoppe.
 11170 | D:10     | Noticed a two-headed ogre
 11431 | D:9      | Slain by a two-headed ogre

Levels and vault maps discovered:
D:1:      dpeg_arrival_tiny_a, layout_loops_ring
D:2:      layout_rooms, uniq_crazy_yiuf_cottage
D:3:      layout_rooms, nicolae_overflow_crystal_walls,
          chequers_ecumenical_altar_simple, grunt_decor_fettered
D:4:      layout_basic, trog_eyes_of_draining, demons_altar,
          minmay_temple_entry_stoned_glass, first_ration,
          minmay_close_crescents, uniq_sigmund
D:5:      layout_loops_ring, serial_aquarium, aquarium_bridge_long_separate
          [aquarium_subvault_bridge, aquarium_subvault_window,
          aquarium_subvault_wall, aquarium_subvault_window,
          aquarium_subvault_wall, aquarium_subvault_bridge], aquarium_window_1,
          aquarium_window_3, aquarium_view_2d, aquarium_view_2d,
          aquarium_pool_2, uniq_edmund
D:6:      layout_loops_corners, elyvilon_altar_3
D:7:      layout_cave_pools, minitemple, uniq_joseph, uniq_menkaure, uniq_harold
D:8:      layout_loops_cross
D:9:      layout_basic, xom_redecorated, serial_shops,
          nicolae_shop_overgrown_old_shop, hangedman_little_slice_of_home,
          nicolae_shop_scaring_up_business
D:10:     layout_long_grid, david_lair_shrubbed, serial_shops, shop,
          disabler_island
Temple:   regret_index_temple_generic_petals

Skill      XL: |  1  2  3  4  5  6  7  8  9 10 11 |
---------------+----------------------------------+-----
Conjurations   | 2 3 4 5 |  5.0
Shields        | 1 2 4 5 6 |  6.0
Air Magic      | 5 6 7 8 |  8.8
Fighting       | 1 2 3 4 5 |  5.0
Short Blades   | 1 3 4 5 6 |  6.0
Armour         | 1 2 3 4 5 |  5.0
Charms         | 1 2 3 4 |  4.0
Evocations     | 1 2 3 4 |  4.0
Dodging        | 3 4 5 6 |  6.0
Stealth        | 3 4 5 6 |  6.2
Spellcasting   | 3 |  3.2
Invocations    | 2 3 4 |  4.2

Action                   |  1- 3 |  4- 6 |  7- 9 | 10-12 || total
-------------------------+-------+-------+-------+-------++-------
Melee: Dagger            |    33 |    27 |   150 |    16 ||   226
       Kick              |    14 |     8 |    57 |     5 ||    84
       Unarmed           |     1 |       |       |       ||     1
       Peck              |     6 |     3 |    32 |     6 ||    47
Throw: Throwing net      |     1 |     3 |     2 |       ||     6
       Dart              |       |     1 |    22 |     1 ||    24
 Cast: Shock             |    41 |   106 |   226 |   282 ||   655
       Swiftness         |       |       |     5 |     1 ||     6
       Airstrike         |       |       |     6 |    12 ||    18
 Abil: Fly               |       |     1 |       |       ||     1
Evoke: Wand              |       |       |     5 |       ||     5
  Use: Scroll            |       |       |     8 |     4 ||    12
       Potion            |       |       |     3 |     1 ||     4
 Stab: Sleeping          |     2 |     6 |     3 |     2 ||    13
       Held in net/web   |     1 |       |     3 |       ||     4
  Eat: Chunk             |       |     9 |    12 |     9 ||    30
       Ration            |       |       |     2 |       ||     2
Armor: Robe              |     9 |    10 |       |       ||    19
       Leather armour    |       |     1 |    20 |       ||    21
       Ring mail         |       |       |    35 |    60 ||    95
Dodge: Dodged            |    45 |    29 |   133 |   136 ||   343
Block: Buckler           |    12 |    12 |    96 |    59 ||   179
